 Dungeon Crawl Stone Soup version 0.25-a0-855-g681bda5bb4 (webtiles) character file.

Game seed: 10456069871308684742, levelgen mode: deterministic

9768 Maedhros the Fighter (level 11, -4/81 HPs)
             Began as an Octopode Wanderer on Apr 26, 2020.
             Was a Plaything of Xom.
             Slain by a four-headed hydra (16 damage)
             ... on level 11 of the Dungeon.
             The game lasted 00:19:33 (16498 turns).

Maedhros the Fighter (Octopode Wanderer)           Turns: 16498, Time: 00:19:34

Health: -4/81      AC: 11    Str: 14    XL:     11   Next: 51%
Magic:  15/20      EV: 16    Int: 14    God:    Xom [..*...]
Gold:   459        SH: 16    Dex:  9    Spells: 9/10 levels left

rFire    + . .     SeeInvis .   h - +3 short sword (protect)
rCold    + . .     Gourm    .   c - +0 kite shield
rNeg     + . .     Faith    .   (helmet restricted)
rPois    .         Spirit   .   z - +5 amulet of reflection
rElec    +         Reflect  +   y - ring of resist corrosion
rCorr    +         Harm     .   G - ring of protection from magic
MR       +....                  J - ring of magical power
Stlth    ++++......             H - ring of positive energy
HPRegen  0.63/turn              (no ring)
MPRegen  0.17/turn              (no ring)
                                (no ring)
                                (no ring)

@: protection aura, studying Shields
A: almost no armour, stealthy swim, amphibious, 8 rings, constrict 8, antennae
1, thin metallic scales 2, camouflage 1, clumsy 2, cold resistance 1, dopey 1,
fire resistance 1, mutation resistance 1, regeneration 1, electricity
resistance, strong 1, gelatinous body 1, MP-powered wands
a: Renounce Religion


You were on level 11 of the Dungeon.
You worshipped Xom.
You were a toy of Xom.
You were near starving.

You visited 1 branch of the dungeon, and saw 11 of its levels.

You collected 584 gold pieces.
You spent 125 gold pieces at shops.

Inventory:

Hand Weapons
 e - a +0 short sword
 g - a +0 hunting sling
 h - a +3 short sword of protection (weapon)
 t - a +2 short sword of venom
Missiles
 a - 38 poisoned darts
 k - 300 stones (quivered)
 l - 102 sling bullets
 x - 24 stones of chaos
 O - 3 javelins
Armour
 c - a +0 kite shield (worn)
Jewellery
 w - an uncursed amulet of rage
 y - a ring of resist corrosion (left tentacle)
 z - a +5 amulet of reflection (around mantle)
 G - a ring of protection from magic (right tentacle)
 H - a ring of positive energy (on tentacle)
 J - a ring of magical power (on tentacle)
 L - an uncursed amulet of guardian spirit
Wands
 v - a wand of digging (14)
 A - a wand of enslavement (18)
 F - a wand of polymorph (10)
 I - a wand of paralysis (8)
 N - a wand of flame (19)
 Q - a wand of iceblast (6)
Scrolls
 b - 2 scrolls of blinking
 f - 5 scrolls of identify
 i - 8 scrolls of remove curse
 j - 3 scrolls of magic mapping
 n - 2 scrolls of amnesia
 o - 5 scrolls of fear
 p - 4 scrolls of teleportation
 r - a scroll of random uselessness
Potions
 m - 3 potions of curing
 q - 2 potions of stabbing
 s - 2 potions of cancellation
 u - a potion of lignification {unknown}
 B - 2 potions of brilliance {unknown}
 C - 3 potions of flight {unknown}
 D - a potion of might
 E - a potion of heal wounds
 K - 2 potions of berserk rage {unknown}
 M - 2 potions of degeneration {unknown}
Books
 P - a manual of Shields
Comestibles
 d - 6 rations


   Skills:
 - Level 10.0 Fighting
   Level 1.0 Axes
 - Level 1.0 Throwing
 + Level 9.8 Dodging
 - Level 7.3 Stealth
 + Level 9.9 Shields
   Level 2.0 Hexes
   Level 3.0 Charms
 * Level 0.0 Evocations


You had 9 spell levels left.
You knew the following spells:

 Your Spells              Type           Power        Failure   Level  Hunger
a - Freeze                Ice            #...         50%         1    ##.....

Your spell library contained the following spells:

 Spells                   Type           Power        Failure   Level  Hunger
 Slow                     Hex            #.......     36%         2    ###....
 Magic Dart               Conj           #...         50%         1    ##.....
 Blink                    Tloc           N/A          63%         2    ###....
 Call Imp                 Summ           #.......     63%         2    ###....
 Conjure Flame            Conj/Fire      #.......     86%         3    ####...
 Frozen Ramparts          Ice            #.....       86%         3    ####...
 Mephitic Cloud           Conj/Pois/Air  #.......     86%         3    ####...


Dungeon Overview and Level Annotations

Branches:
Dungeon (11/15)            Temple (0/1) D:6            Lair (0/6) D:9
    Orc: D:9-12

Altars:
Ashenzari
Elyvilon
Fedhas
Gozag
Kikubaaqudgha
Nemelex Xobeh
Trog
Uskayaw
Wu Jian
Xom

Shops:
D:5 *   D:8 [

Annotations:
D:3 Natasha


Innate Abilities, Weirdness & Mutations

You cannot wear most types of armour.
You are very stealthy in the water. (Stealth+)
You are amphibious.
You can wear up to eight rings at the same time.
You can use your tentacles to constrict eight enemies at once.
Your skin changes colour to match your surroundings (Stealth+).
Your rubbery body absorbs attacks. (AC +1, EV +1)
You have a pair of small antennae on your head.
You are mostly covered in thin metallic scales. (AC +3)
You are very clumsy. (Dex -4)
Your flesh is cold resistant. (rC+)
You are dopey. (Int -2)
Your flesh is heat resistant. (rF+)
You are somewhat resistant to further mutation.
Your natural rate of healing is unusually fast.
You are resistant to electric shocks. (rElec)
Your muscles are strong. (Str +2)
You expend magic power (3 MP) to strengthen your wands.


Message History

The four-headed hydra closely misses you.
Okay, then.
You completely miss the four-headed hydra.
You squeeze the four-headed hydra!
The four-headed hydra is lightly wounded.
The four-headed hydra closely misses you.
The four-headed hydra bites you!
You block the four-headed hydra's attack. x2
You puncture the four-headed hydra!
The four-headed hydra is moderately wounded.
You block the four-headed hydra's attack. x2
The four-headed hydra bites you!
* * * LOW HITPOINT WARNING * * *
The four-headed hydra misses you.
You block the four-headed hydra's attack.
The four-headed hydra bites you!
* * * LOW HITPOINT WARNING * * *
The four-headed hydra bites you!
You die...
Xom is highly amused!

,**#.####......[...
#...........##.. ,
##.............. ## *
###...............
#.}####...........##....
........#...............
........###....#.##.....
.##.....##..............
......D@.........#......
#................##.....
##..............##*.....
#..#....###...##* ...,
## ###.## ##..# *, ,.<
### #### * , * , ** ***


You could see a four-headed hydra.

Vanquished Creatures
  Josephine (D:11)
  Harold (D:7)
  Pikel (D:5)
  Maurice (D:10)
  Maggie (D:6)
  A queen bee (D:10)
  A troll (D:11)
  Grinder (D:3)
  A hippogriff (D:5)
  A wraith (D:9)
  Sigmund (D:3)
  Eustachio (D:4)
  A hungry ghost (D:7)
  Menkaure (D:5)
  Edmund (D:6)
  A soldier ant (D:8)
  A water moccasin (D:10)
  4 orc warriors
  2 ice beasts
  2 black bears
  A phantom (D:7)
  3 sky beasts
  3 slaves (D:5)
  A wolf (D:7)
  3 ogres
  6 centaurs
  A centaur (shapeshifter) (D:10)
  2 crocodiles
  3 big kobolds
  4 bullfrogs
  6 scorpions
  11 killer bees
  2 howler monkeys
  7 wights
  4 crimson imps
  2 bullfrog zombies
  2 quasits
  3 jellies
  3 hounds
  10 orc wizards
  A centaur skeleton (D:8)
  9 orc priests
  2 bullfrog skeletons
  7 iguanas
  Jessica (D:2)
  Natasha (twice) (D:3)
  5 worker ants
  2 hound zombies
  A hound skeleton (D:6)
  2 gnolls
  7 adders
  A howler monkey skeleton (D:7)
  2 shadow imps
  2 adder skeletons
  An adder zombie (D:6)
  4 worms
  2 dart slugs
  5 leopard geckos
  35 orcs
  2 ball pythons
  9 giant cockroaches
  9 goblins
  13 jackals
  18 kobolds
  3 quokkas
  A ball python skeleton (D:5)
  12 bats
  10 frilled lizards
  A jackal skeleton (D:7)
  A quokka skeleton (D:4)
  5 rats
277 creatures vanquished.

Vanquished Creatures (collateral kills)
  A water moccasin zombie (D:11)
  2 orcs (D:11)
  A jackal (D:11)
4 creatures vanquished.

Vanquished Creatures (others)
  A centaur skeleton (D:10)
  A slave (D:5)
  An ice beast (D:10)
  8 killer bees (D:10)
11 creatures vanquished.

Grand Total: 292 creatures vanquished

Notes
Turn   | Place    | Note
-------+----------+-------------------------------------------
     0 | D:1      | Maedhros the Octopode Wanderer began the quest for the Orb.
     0 | D:1      | Maedhros set off with the following items: a +0 club, a +0
                  | kite shield, a ration; and the following spell memorised:
                  | Freeze; and the following spells available to memorise:
                  | Frozen Ramparts
     0 | D:1      | Reached XP level 1. HP: 14/14 MP: 1/1
    79 | D:2      | Found a shimmering altar of Xom.
   110 | D:2      | Became a worshipper of The Xom-Meister, Xom-Xom-bo-Bom,
                  | Banana-Fana-fo-Fom
   163 | D:1      | XOM: potion effect (berserk rage)
   166 | D:1      | Reached skill level 1 in Stealth
   166 | D:1      | Reached XP level 2. HP: 5/19 MP: 2/2
   282 | D:1      | XOM: divination: detect creatures
   780 | D:1      | XOM is BORED!
  1215 | D:1      | XOM: scenery: 1 doors open
  1235 | D:1      | XOM: cloud trail
  1295 | D:2      | Reached skill level 1 in Dodging
  1343 | D:2      | XOM: cloud trail
  1362 | D:2      | XOM: enchant monster (bad)
  1376 | D:2      | XOM: enchant monster (good)
  1388 | D:2      | Reached XP level 3. HP: 15/25 MP: 3/3
  1421 | D:2      | XOM: confuse monster(s)
  1430 | D:2      | Reached XP level 4. HP: 18/30 MP: 4/4
  1470 | D:2      | XOM: polymorph frilled lizard -> gnoll
  1478 | D:2      | XOM: chaos upgrade
  1564 | D:2      | Reached skill level 3 in Fighting
  1564 | D:2      | Reached XP level 5. HP: 13/36 MP: 5/5
  1595 | D:2      | XOM: 2-stop teleportation journey
  1647 | D:2      | XOM: give mutation
  1647 | D:2      | Gained mutation: You are dopey. (Int -2) [Xom's mischief]
  1758 | D:2      | Noticed Jessica
  1765 | D:2      | Killed Jessica
  1894 | D:2      | XOM: confusion
  2276 | D:3      | Noticed Sigmund
  2320 | D:2      | XOM: give mutation
  2320 | D:2      | Gained mutation: Your flesh is cold resistant. (rC+) [Xom's
                  | mischief]
  2439 | D:3      | Noticed Natasha
  2448 | D:3      | Killed Natasha
  2448 | D:3      | Reached XP level 6. HP: 2/42 MP: 6/6
  2709 | D:3      | Noticed Natasha
  2730 | D:3      | Killed Natasha
  2789 | D:3      | Noticed Grinder
  2800 | D:3      | XOM: summons 2 hostile shadow creatures
  2802 | D:3      | XOM: chaos cloud
  2804 | D:3      | Killed Grinder
  2804 | D:3      | Reached skill level 4 in Fighting
  2804 | D:3      | Reached XP level 7. HP: 24/48 MP: 7/7
  2846 | D:3      | XOM: silly message
  2902 | D:3      | Found an opulent altar of Gozag.
  2902 | D:3      | XOM: 3-stop teleportation journey
  2915 | D:3      | Reached skill level 5 in Stealth
  3086 | D:3      | XOM: confuse monster(s)
  3087 | D:3      | Noticed Natasha
  3137 | D:4      | You fall into a shaft and drop 2 floors!
  3137 | D:6      | Found a staircase to the Ecumenical Temple.
  3188 | D:6      | Noticed Maggie
  3194 | D:6      | XOM: cast spell 'Ring of Flames'
  3197 | D:6      | XOM: potion effect (might)
  3197 | D:6      | Killed Maggie
  3197 | D:6      | Reached skill level 5 in Fighting
  3197 | D:6      | Reached XP level 8. HP: 27/55 MP: 8/8
  3198 | D:6      | XOM: divination: magic mapping
  3231 | D:6      | XOM: enchant monster (bad)
  3242 | D:6      | XOM: confuse monster(s)
  3245 | D:6      | XOM: confuse monster(s)
  3248 | D:6      | Reached skill level 5 in Shields
  3265 | D:6      | XOM: silly message
  3269 | D:6      | Reached skill level 5 in Dodging
  3271 | D:6      | XOM: smoke on damage
  3604 | D:6      | XOM: confuse monster(s)
  3626 | D:6      | Noticed Edmund
  3641 | D:6      | Found an opulent altar of Gozag.
  3795 | D:6      | XOM: silly message
  3856 | D:6      | Found a bloodstained altar of Trog.
  3865 | D:6      | Identified the +5 ring mail of Protective Custody {Regen+}
  3871 | D:6      | XOM: stat loss: -1 Int (13/14)
  4083 | D:6      | XOM: chaos upgrade
  4092 | D:6      | Killed Edmund
  4092 | D:6      | Reached skill level 6 in Fighting
  4092 | D:6      | Reached XP level 9. HP: 26/62 MP: 9/9
  4219 | D:6      | XOM: smoke on damage
  4220 | D:6      | XOM: cast spell 'Olgreb's Toxic Radiance'
  4331 | D:6      | XOM: scenery: create altars
  4377 | D:6      | XOM: noise
  4491 | D:6      | Found an ancient bone altar of Kikubaaqudgha.
  4581 | D:7      | XOM: enchant monster (bad)
  4625 | D:5      | Entered Level 5 of the Dungeon
  4698 | D:5      | Found Zibrant's Assorted Antiques.
  4744 | D:5      | Bought a marble ring for 125 gold pieces
  4758 | D:5      | Noticed Pikel
  4803 | D:5      | XOM: fog
  5300 | D:5      | XOM: give mutations
  5300 | D:5      | Gained mutation: You are partially covered in thin metallic
                  | scales. (AC +2) [Xom's mischief]
  5300 | D:5      | Lost mutation: You are partially covered in thin metallic
                  | scales. (AC +2) [Xom's mischief]
  5300 | D:5      | Gained mutation: You expend magic power (3 MP) to
                  | strengthen your wands. [Xom's mischief]
  5337 | D:5      | XOM: give mutations
  5337 | D:5      | Gained mutation: You are clumsy. (Dex -2) [Xom's mischief]
  5337 | D:5      | Gained mutation: You have a pair of small antennae on your
                  | head. [Xom's mischief]
  5337 | D:5      | Gained mutation: You are somewhat resistant to further
                  | mutation. [Xom's mischief]
  5554 | D:5      | Reached skill level 7 in Fighting
  5680 | D:5      | XOM: noise
  5683 | D:5      | XOM: summons 2 hostile demons
  5698 | D:5      | XOM: summons 2 hostile demons
  5710 | D:5      | Noticed Menkaure
  5716 | D:5      | Killed Pikel
  5726 | D:5      | Killed Menkaure
  6156 | D:4      | Reached XP level 10. HP: 35/71 MP: 10/10
  6287 | D:4      | Found a blossoming altar of Fedhas.
  6493 | D:4      | Noticed Eustachio
  6505 | D:4      | Killed Eustachio
  6858 | D:3      | XOM: confusion
  6867 | D:3      | Killed Sigmund
  7276 | D:7      | Found a sparkling altar of Nemelex Xobeh.
  7301 | D:7      | Reached skill level 8 in Fighting
  7321 | D:7      | Found a hide-covered altar of Uskayaw.
  7374 | D:7      | XOM: polymorph worker ant -> wolf
  7375 | D:7      | XOM: swap monsters
  7503 | D:7      | XOM: scenery: create altars
  7733 | D:7      | Found an ornate altar of the Wu Jian Council.
  7896 | D:7      | Found a shattered altar of Ashenzari.
  8238 | D:7      | Noticed Harold
  8239 | D:7      | XOM: noise
  8243 | D:7      | XOM: cast spell 'Statue Form'
  8258 | D:7      | Killed Harold
  8717 | D:8      | XOM: noise
  8728 | D:8      | XOM: noise
  8729 | D:8      | XOM: blink monster(s)
  8743 | D:8      | Reached skill level 9 in Fighting
  8794 | D:8      | XOM: 5-stop teleportation journey
  8867 | D:8      | Found Fepuob's Antique Armour Shoppe.
  8867 | D:8      | XOM: 5-stop teleportation journey
  8977 | D:8      | Found a white marble altar of Elyvilon.
  9376 | D:8      | Reached XP level 11. HP: 80/80 MP: 11/11
  9559 | D:9      | XOM: swap monsters
  9809 | D:9      | XOM: cloud trail
  9878 | D:9      | Found a staircase to the Lair.
 10017 | D:10     | Entered Level 10 of the Dungeon
 10020 | D:10     | XOM: polymorph killer bee -> shapeshifter
 10036 | D:10     | XOM: cast spell 'Leda's Liquefaction'
 10041 | D:10     | XOM: divination: detect items
 10054 | D:10     | XOM: potion effect (haste)
 10058 | D:10     | XOM: destruction
 10067 | D:10     | XOM: 1-stop teleportation journey
 10116 | D:10     | XOM: summons friendly ufetubus
 10218 | D:9      | XOM: summons 1 hostile demon
 10267 | D:9      | XOM is BORED!
 10835 | D:9      | XOM: give mutations
 10835 | D:9      | Gained mutation: Your flesh is heat resistant. (rF+) [Xom's
                  | grace]
 10835 | D:9      | Gained mutation: You are partially covered in thin metallic
                  | scales. (AC +2) [Xom's grace]
 10835 | D:9      | Gained mutation: You are resistant to electric shocks.
                  | (rElec) [Xom's grace]
 10835 | D:9      | Gained mutation: Your muscles are strong. (Str +2) [Xom's
                  | grace]
 10884 | D:9      | XOM: give mutations
 10884 | D:9      | Gained mutation: You are very clumsy. (Dex -4) [Xom's
                  | mischief]
 10884 | D:9      | Gained mutation: You are very dopey. (Int -4) [Xom's
                  | mischief]
 10938 | D:9      | XOM: god gift: scroll labeled RAISUS GEEQYMI {god gift}
 11146 | D:9      | XOM: cloud trail
 11154 | D:9      | XOM: give mutations
 11154 | D:9      | Gained mutation: You are mostly covered in thin metallic
                  | scales. (AC +3) [Xom's grace]
 11154 | D:9      | Lost mutation: You are very dopey. (Int -4) [Xom's grace]
 11154 | D:9      | Gained mutation: Your natural rate of healing is unusually
                  | fast. [Xom's grace]
 11682 | D:9      | XOM: scenery: create altars
 11721 | D:9      | XOM: god gift: 22 gold pieces
 12057 | D:10     | Noticed Maurice
 12102 | D:10     | XOM: summons 4 hostile shadow creatures
 12107 | D:10     | Killed Maurice
 12487 | D:10     | XOM: confusion (+ monsters)
 12923 | D:11     | Noticed Josephine
 12937 | D:11     | XOM: silly message
 13028 | D:11     | XOM: confusion
 13032 | D:11     | XOM: enchant monster (bad)
 13059 | D:11     | XOM: divination: detect creatures
 13070 | D:11     | XOM: divination: magic mapping
 13079 | D:11     | XOM: summons 6 friendly demons
 13093 | D:11     | Killed Josephine
 13093 | D:11     | Reached skill level 10 in Fighting
 13106 | D:10     | XOM: enchant monster (good)
 13116 | D:9      | XOM: summons 4 friendly demons
 13174 | D:9      | XOM: scenery: create altars
 14120 | D:9      | XOM: scenery: create altars
 14320 | D:9      | XOM: cloud trail
 15438 | D:9      | XOM: scenery: create altars
 16116 | D:9      | XOM: silly message
 16406 | D:9      | Identified a scroll of acquirement
 16413 | D:9      | XOM: noise
 16439 | D:10     | XOM is BORED!
 16439 | D:10     | XOM: noise
 16489 | D:11     | Noticed a four-headed hydra
 16494 | D:11     | XOM: noise
 16498 | D:11     | Slain by a four-headed hydra

Levels and vault maps discovered:
D:1:      ncdulo_smallfort, layout_basic, chequers_serial_rivers_large_a
D:2:      cheibrodos_pilgrimage, layout_rooms, old_standard_altar,
          minmay_tetromino_o4, uniq_jessica
D:3:      layout_loops_ring, grunt_gozag_statues, uniq_natasha, uniq_sigmund,
          uniq_grinder
D:4:      layout_rooms, hangedman_decor_peaks_small, palyth_stone_intersect,
          nrook_mini_backslash, fedhas_bush_and_centaur_altar, uniq_eustachio
D:5:      minmay_chambers_of_fours, layout_basic, first_ration, serial_shops,
          shop, uniq_pikel, uniq_menkaure
D:6:      layout_rooms, bloody_trog, old_standard_altar,
          overflow_temple_1_default, temple_green,
          minmay_fractal_squares_diagonal_5, uniq_maggie, uniq_edmund
D:7:      layout_basic, nicolae_overflow_crystal_walls,
          lemuel_coloured_pillars_altar, ashenzari_conservatory_becter,
          kennysheep_mini, uniq_harold
D:8:      layout_loops_corners, elyvilon_altar_3, serial_shops,
          nicolae_shop_waterfront
D:9:      layout_rooms, lair_entry_dummy
D:10:     layout_basic, david_nohive_1, uniq_maurice
D:11:     layout_cave_pools, basic_altar, kennysheep_flooded_box, uniq_fannar,
          uniq_josephine

Skill      XL: |  1  2  3  4  5  6  7  8  9 10 11 |
---------------+----------------------------------+-----
Stealth        | 1 2 3 4 6 7 |  7.3
Dodging        | 1 2 3 4 5 7 8 9 |  9.8
Shields        | 2 3 4 5 7 9 |  9.9
Fighting       | 3 4 5 6 7 9 10 | 10.0
Axes           | |  1.0
Throwing       | |  1.0
Hexes          | |  2.0
Charms         | |  3.0

Action                   |  1- 3 |  4- 6 |  7- 9 | 10-12 || total
-------------------------+-------+-------+-------+-------++-------
Melee: Unarmed           |    16 |       |       |       ||    16
       Constrict         |    18 |    32 |    68 |    92 ||   210
       Tentacles         |     8 |    21 |   105 |   135 ||   269
       Short sword       |    48 |    97 |   399 |   591 ||  1135
 Fire: Hunting sling     |     7 |       |     4 |       ||    11
Evoke: Wand              |       |       |     1 |     8 ||     9
  Use: Potion            |       |     2 |     1 |     4 ||     7
       Scroll            |       |       |     3 |    11 ||    14
 Stab: Sleeping          |     4 |     3 |     9 |    27 ||    43
       Paralysed         |       |     1 |       |     2 ||     3
       Confused          |       |       |     3 |     1 ||     4
  Eat: Chunk             |     2 |     3 |     9 |     9 ||    23
       Ration            |       |       |     1 |     8 ||     9
Armor: Skin              |    21 |    21 |   117 |    91 ||   250
Dodge: Dodged            |    27 |    48 |   212 |   314 ||   601
Block: Kite shield       |    29 |    47 |   260 |   475 ||   811
       Reflection        |       |       |     1 |    11 ||    12

Table legend:
 A = Non-vault XP
 B = Vault XP
 C = Vault XP percentage of total XP
 D = Non-vault monster count
 E = Vault monster count
 F = Vault count percentage of total count
                 A         B        C        D         E       F
            +---------+---------+-------+---------+---------+-------
      Total |    8011 |    5944 |  42.6 |     238 |      41 |  14.7
            +---------+---------+-------+---------+---------+-------
        D:1 |      21 |       0 |   0.0 |      14 |       0 |   0.0
        D:2 |      76 |     182 |  70.5 |      30 |       9 |  23.1
        D:3 |     256 |     530 |  67.4 |      19 |       3 |  13.6
        D:4 |     525 |     300 |  36.4 |      27 |       2 |   6.9
        D:5 |     313 |    1147 |  78.6 |      11 |       8 |  42.1
        D:6 |    1236 |     656 |  34.7 |      28 |       7 |  20.0
        D:7 |    1569 |     987 |  38.6 |      29 |       1 |   3.3
        D:8 |    1433 |       0 |   0.0 |      33 |       0 |   0.0
        D:9 |     804 |     172 |  17.6 |      21 |       1 |   4.5
       D:10 |    1174 |    1174 |  50.0 |      13 |       9 |  40.9
       D:11 |     604 |     796 |  56.9 |      13 |       1 |   7.1
            +---------+---------+-------+---------+---------+-------
